 Dungeon Crawl Stone Soup version 0.23-a0-644-gb60d84b635 (webtiles) character file.

0 HereIgoKillingAgain the Sneak (level 1, -1/9 HPs)
             Began as a Spriggan Enchanter on Jan 1, 2019.
             Slain by a kobold
             ... wielding a +2 dagger of pain
              (3 damage)
             ... on level 1 of the Dungeon.
             The game lasted 00:00:16 (48 turns).

HereIgoKillingAgain the Sneak (Spriggan Enchanter)    Turns: 48, Time: 00:00:16

Health: -1/9       AC:  2    Str:  9    XL:     1   Next: 8%
Magic:  5/5        EV: 18    Int: 21    God:
Gold:   0          SH:  0    Dex: 16    Spells: 4/5 levels left

rFire    . . .     SeeInvis +   a - +1 dagger
rCold    . . .     Gourm    .   (shield restricted)
rNeg     . . .     Faith    .   b - +0 robe
rPois    .         Spirit   .   (helmet restricted)
rElec    .         Reflect  .   (no cloak)
rCorr    .         Harm     .   (gloves unavailable)
MR       .....                  (boots unavailable)
Stlth    +++.......             (no amulet)
HPRegen  0.03/turn              (no ring)
MPRegen  0.09/turn              (no ring)

@: mighty, brilliant, very quick
A: very small, unfitting armour, see invisible, herbivore, speed 3, slow
metabolism 2
a: no special abilities


You were on level 1 of the Dungeon.
You were not hungry.

You visited 1 branch of the dungeon, and saw 1 of its levels.

Inventory:

Hand Weapons
 a - a +1 dagger (weapon)
Armour
 b - a +0 robe (worn)
Comestibles
 d - a ration


   Skills:
 - Level 1.1 Short Blades
 + Level 3.0 Dodging
 * Level 4.4 Stealth
 + Level 2.7 Spellcasting
 + Level 3.6 Hexes


You had 4 spell levels left.
You knew the following spells:

 Your Spells              Type           Power        Failure   Level  Hunger
a - Corona                Hex            ####...      1%          1    None

Your spell library contained the following spells:

 Spells                   Type           Power        Failure   Level  Hunger
 Ensorcelled Hibernation  Hex/Ice        ###...       1%          2    ##.....
 Confuse                  Hex            ####....     1%          3    ###....
 Tukima's Dance           Hex            ####....     1%          3    ###....
 Dazzling Spray           Conj/Hex       ###...       2%          3    ###....


Dungeon Overview and Level Annotations

Branches:
Dungeon (1/15)

Altars:


Innate Abilities, Weirdness & Mutations

You are very small and have problems with some larger weapons.
You are too small for most types of armour.
You have supernaturally acute eyesight. (SInv)
You are a herbivore.
You cover ground extremely quickly.
You need to consume almost no food.


Message History

The rat bites you. The kobold hits you but does no damage.
You hit the rat.
You kill the rat!
A goblin comes into view. It is wielding a +0 dagger.
The kobold hits you but does no damage.
You see here a murky purple potion.
e - a murky purple potion It was a potion of brilliance.
You feel clever all of a sudden.
It was a potion of might.
You feel very mighty all of a sudden.
The kobold hits you with a +2 dagger of pain.
* * * LOW HITPOINT WARNING * * *
Press: ? - help, v - describe, . - travel
Here: a kobold, wielding a +2 dagger of pain The floor.
Unknown command.
You barely miss the kobold.
The kobold hits you with a +2 dagger of pain.
You die...

........!#..#.#
...............
............#.#
.....g.†.......
#....(.###.#
#......#...####
#...............
#..#...K......#....
.......@...........
..........#...#....
......#............
...)...............
......##...........
...... #...##.#####
......##...# .#
...........# .
.....####.####


You could see a goblin and a kobold.

Vanquished Creatures
  A rat (D:1)
1 creature vanquished.

Notes
Turn   | Place    | Note
-------+----------+-------------------------------------------
     0 | D:1      | HereIgoKillingAgain the Spriggan Enchanter began the quest
                  | for the Orb.
     0 | D:1      | Reached XP level 1. HP: 9/9 MP: 5/5
    48 | D:1      | Slain by a kobold

Vault maps used:
D:1:      dpeg_arrival_leaves_temple_mockup, minmay_stone_trees_small,
          minmay_misc_feat_pillars

Action                   || total
-------------------------++-------
Melee: Dagger            ||     6
  Use: Potion            ||     2
Armor: Robe              ||     1
Dodge: Dodged            ||     2

Table legend:
 A = Non-vault XP
 B = Vault XP
 C = Vault XP percentage of total XP
 D = Non-vault monster count
 E = Vault monster count
 F = Vault count percentage of total count
                 A         B        C        D         E       F
            +---------+---------+-------+---------+---------+-------
      Total |       1 |       0 |   0.0 |       1 |       0 |   0.0
            +---------+---------+-------+---------+---------+-------
        D:1 |       1 |       0 |   0.0 |       1 |       0 |   0.0
            +---------+---------+-------+---------+---------+-------
